Map: Alcyone LE

Players

MacroJuice - Winner!

  • Race: Protoss Protoss
  • League: Master
  • Spawn Location: 7:00

Likezorus

  • Race: Protoss Protoss
  • League: Gold
  • Spawn Location: 1:00

VOD

Have the link to the VOD?

Description

Time

  • Played on: Nov. 8, 2024, 8:34 a.m.
  • Length: 7:11
Show
View Real Time Build Order
Export as new Build Order

MacroJuice Protoss - Winner!

Build Orders: Blink Stalkers 

Get SALT Encoding   

  12  0:00  Probe  
  13  0:12  Probe  
  14  0:17  Pylon  
  14  0:25  Probe (Chrono Boost)  
  15  0:37  Probe (Chrono Boost), Gateway  
  16  0:44  Probe (Chrono Boost)  
  16  0:46  Assimilator  
  17  0:51  Probe  
  17  0:54  Assimilator  
  18  1:03  Probe (Chrono Boost)  
  19  1:07  Gateway  
  19  1:12  Probe (Chrono Boost)  
  19  1:17  Probe (Chrono Boost)  
  20  1:24  Cybernetics Core  
  21  1:29  Probe  
  22  1:33  Pylon  
  22  1:41  Probe  
  23  1:53  Probe  
  24  2:04  Sentry, Stalker  
  24  2:06  Probe  
  29  2:09  Warp Gate  
  29  2:16  Pylon  
  29  2:23  Probe  
  30  2:30  Pylon  
  30  2:38  Nexus  
  30  2:40  Probe  
  30  2:43  Sentry  
  33  2:48  Sentry  
  35  2:53  Probe (Chrono Boost)  
  36  3:00  Pylon  
  36  3:02  Probe (Chrono Boost)  
  36  3:03  Twilight Council  
  37  3:07  Probe (Chrono Boost)  
  38  3:18  Stalker  
  38  3:19  Probe  
  41  3:28  Gateway  
  41  3:31  Probe  
  41  3:32  Blink (Chrono Boost)  
  42  3:41  Assimilator  
  42  3:43  Probe  
  43  3:52  Probe  
  43  3:55  Probe  
  45  4:01  Stalker x2  
  49  4:04  Probe  
  49  4:07  Probe  
  49  4:09  Phoenix  
  51  4:16  Probe  
  52  4:19  Probe  
  53  4:24  Stalker x2  
  53  4:26  Stalker  
  53  4:28  Probe  
  60  4:31  Probe  
  60  4:32  Pylon  
  61  4:40  Probe  
  61  4:43  Pylon  
  62  4:50  Stalker, Probe  
  62  4:51  Stalker x2  
  67  5:03  Probe x2  
  67  5:06  Gateway  
  69  5:13  Stalker  
  71  5:14  Stalker x2  
  71  5:17  Pylon  
  75  5:22  Probe x2  
  77  5:40  Nexus  
  77  5:42  Stalker x3  
  79  5:51  Probe x2  
  80  6:03  Probe x2  
  80  6:09  Stalker  
  80  6:10  Stalker  
  84  6:14  Pylon  
  84  6:15  Probe x2  
  86  6:26  Pylon  
  86  6:32  Probe x2  
  88  6:36  Stalker x3  
  94  6:44  Probe x2  
  96  6:50  Stalker  
  98  6:56  Probe x2, Gateway  
  98  6:58  Gateway  
Show
View Real Time Build Order
Export as new Build Order

Likezorus Protoss 

Build Orders:  

Get SALT Encoding   

  12  0:00  Probe  
  13  0:12  Probe  
  14  0:19  Pylon  
  14  0:24  Probe  
  15  0:37  Probe (Chrono Boost)  
  15  0:38  Gateway  
  16  0:46  Probe (Chrono Boost)  
  16  0:48  Assimilator  
  17  0:51  Probe  
  18  0:57  Assimilator  
  18  1:03  Probe  
  19  1:11  Gateway  
  19  1:15  Probe  
  20  1:26  Cybernetics Core  
  20  1:27  Probe (Chrono Boost)  
  21  1:35  Pylon  
  22  1:40  Probe (Chrono Boost)  
  22  1:48  Probe (Chrono Boost)  
  22  1:54  Probe  
  24  2:02  Stalker  
  24  2:03  Sentry  
  24  2:06  Probe, Warp Gate  
  29  2:16  Pylon  
  29  2:26  Pylon  
  29  2:35  Sentry  
  31  2:44  Sentry  
  31  2:48  Nexus  
  33  2:59  Shield Battery  
  33  3:00  Probe  
  34  3:15  Pylon, Probe  
  34  3:18  Twilight Council  
  35  3:25  Forge  
  35  3:27  Probe (Chrono Boost)  
  36  3:37  Probe (Chrono Boost)  
  39  3:43  Probe (Chrono Boost)  
  38  3:53  Probe (Chrono Boost)  
  38  3:55  Stalker  
  41  3:57  Stalker  
  41  4:00  Probe x2 (Chrono Boost)  
  45  4:03  Blink (Chrono Boost)  
  46  4:11  Probe (Chrono Boost), Protoss Ground Weapons Level 1 (Chrono Boost)  
  46  4:13  Probe (Chrono Boost)  
  46  4:16  Probe (Chrono Boost)  
  47  4:21  Probe  
  49  4:24  Stalker  
  49  4:30  Stalker  
  54  4:33  Probe  
  54  4:45  Pylon  
  54  4:50  Adept  
  50  5:02  Adept  
  52  5:09  Gateway  
  52  5:12  Gateway  
  52  5:18  Probe  
  52  5:20  Stalker  
  55  5:25  Stalker  
  57  5:29  Nexus  
  57  5:31  Pylon  
  57  5:46  Stalker  
  57  5:48  Stalker  
  61  5:55  Robotics Facility  
  61  5:58  Pylon  
  61  6:01  Pylon  
  57  6:04  Adept  
  57  6:06  Adept, Probe x2  
  63  6:12  Gateway  
  63  6:14  Assimilator  
  63  6:16  Assimilator  
  63  6:17  Gateway  
  63  6:18  Probe x2  
  63  6:23  Stalker  
  67  6:29  Stalker  
  67  6:30  Probe x2  
  71  6:35  Nexus  
  71  6:36  Pylon  
  71  6:47  Probe  
  70  6:48  Observer  
  70  6:49  Probe  
  67  7:05  Stalker x3  
  67  7:06  Stalker  
Tags
 
Composition
Blink Stalkers
Matchup
PvP
Spawn Locations
Cross Positions
Add a new tag
Caveats
  • Supply blocks, unpowered buildings, or Contaminate may cause inaccurate times.
  • Supply counts are checked every 10 seconds.